 Dungeon Crawl Stone Soup version 0.29-a0-284-gf9362112df (webtiles) character file.

Game seed: 4047760216502819707

184 sammy202020 the Skirmisher (level 5, 0/51 HPs)
             Began as a Gargoyle Berserker on Mar 19, 2022.
             Was a Priest of Trog.
             Slain by a gnoll
             ... wielding a +0 spear
              (2 damage)
             ... on level 4 of the Dungeon.
             The game lasted 00:04:22 (3636 turns).

sammy202020 the Skirmisher (Gargoyle Berserker)     Turns: 3636, Time: 00:04:22

Health: 0/51       AC: 13    Str: 20    XL:     5   Next: 63%
Magic:  5/5        EV:  8    Int: 10    God:    Trog [***...]
Gold:   280        SH:  0    Dex:  9    Spells: 4/4 levels left

rFire   . . .      SeeInvis .   d - +0 flail
rCold   . . .      Faith    .   (no shield)
rNeg    + . .      Spirit   .   h - +0 chain mail
rPois   ∞          Reflect  .   (no helmet)
rElec   +          Harm     .   (no cloak)
rCorr   .          Rampage  .   (no gloves)
Will    ++...                   (no boots)
Stlth   ..........              (no amulet)
HPRegen 1.17/turn               (no ring)
MPRegen 0.09/turn               (no ring)

@: berserking (expiring), lit by a corona, strong-willed, regenerating, glowing,
very quick
A: sickness immunity, AC +4, negative energy resistance 1, electricity
resistance, torment resistance 1, petrification resistance
a: Renounce Religion, Berserk, Trog's Hand


You were on level 4 of the Dungeon.
You worshipped Trog.
Trog was most pleased with you.
You visited 1 branch of the dungeon, and saw 4 of its levels.

You collected 280 gold pieces.

Inventory:

Hand Weapons
 a - a +0 mace
 d - a +0 flail (weapon)
Missiles
 f - 9 poisoned darts (quivered)
Armour
 h - a +0 chain mail (worn)
Wands
 n - a wand of polymorph (11)
Scrolls
 c - 5 scrolls of identify
 e - a scroll of noise
 g - 2 scrolls of teleportation
 k - a scroll of fog {unknown}
 l - a scroll of magic mapping {unknown}
 m - a scroll of summoning
Potions
 b - a potion of brilliance {unknown}
 i - a potion of heal wounds {unknown}
 j - a potion of mutation {unknown}


   Skills:
 * Level 4.6 Fighting
 * Level 4.1 Maces & Flails
 * Level 3.7 Armour
 + Level 2.1 Dodging


You had 4 spell levels left.
You didn't know any spells.
Your spell library was empty.

Dungeon Overview and Level Annotations

Branches:
Dungeon (4/15)             Temple (0/1) D:4

Altars:
Nemelex Xobeh
Sif Muna
Wu Jian


Innate Abilities, Weirdness & Mutations

You are immune to sickness and miasma.
Your stone body is resilient. (AC +4)
You are immune to poison.
You resist negative energy. (rN+)
You are resistant to electric shocks. (rElec)
You are resistant to unholy torment.
You are immune to petrification.


Message History

You sock the gnoll shaman!
The gnoll shaman is almost dead.
You completely miss the gnoll shaman.
The gnoll shaman is almost dead.
The gnoll shaman hits you with a +0 whip.
The gnoll hits you but does no damage.
The gnoll hits you from afar with a +0 spear!
* * * LOW HITPOINT WARNING * * *
You thump the gnoll shaman!
You kill the gnoll shaman!
Trog accepts your kill.
The gnoll hits you but does no damage. x2
Your Maces & Flails skill increases to level 4!
You closely miss the gnoll. The gnoll hits you but does no damage.
The gnoll completely misses you. The gnoll hits you but does no damage.
You hit the gnoll.
The gnoll is moderately wounded.
The gnoll hits you but does no damage. The gnoll hits you with a +0 whip.
* * * LOW HITPOINT WARNING * * *
The gnoll hits you from afar with a +0 spear.
* * * LOW HITPOINT WARNING * * *
You sock the gnoll!
You kill the gnoll!
Trog accepts your kill. The gnoll hits you but does no damage.
The gnoll hits you with a +0 spear.
* * * LOW HITPOINT WARNING * * *
The gnoll hits you but does no damage.
Items here: )) [ †††.
You hit the gnoll.
The gnoll is moderately wounded.
The gnoll hits you but does no damage. x2; The gnoll hits you with a +0 whip!
* * * LOW HITPOINT WARNING * * *
You closely miss the gnoll.
The gnoll is moderately wounded.
You closely miss the gnoll.
The gnoll is moderately wounded.
The gnoll hits you with a +0 spear.
* * * LOW HITPOINT WARNING * * *
The gnoll hits you with a +0 spear.
You die...

#..######..##.....
##...####..## .....
#..........###.....
##...#...>..#......
#....#............
#†##.##.##...##.## #.#
#.#####.##...# #$# #.#
#..#..... #@#
.......#......
#...ggg#.....###......
#....g.#..... #......
#......#.... ####.....
#.>........ .........#
#......#... .#########
#......#. #......# .


You could see 4 gnolls.

Vanquished Creatures
  A gnoll shaman (D:4)
  Jessica (D:3)
  4 adders
  A gnoll (D:4)
  2 worms
  5 orcs
  8 ball pythons
  4 bats
  3 endoplasms (D:1)
  3 giant cockroaches
  8 goblins
  8 hobgoblins
  5 jackals
  A quokka (D:2)
  6 frilled lizards
  5 kobolds
  11 rats
76 creatures vanquished.

Notes
Turn   | Place    | Note
-------+----------+-------------------------------------------
     0 | D:1      | sammy202020 the Gargoyle Berserker began the quest for the
                  | Orb.
     0 | D:1      | Reached XP level 1. HP: 14/14 MP: 1/1
   378 | D:1      | Reached XP level 2. HP: 19/19 MP: 2/2
  1090 | D:1      | Reached XP level 3. HP: 12/24 MP: 3/3
  1402 | D:1      | Reached ** piety under Trog
  2097 | D:2      | Reached XP level 4. HP: 29/29 MP: 4/4
  2544 | D:3      | Found a shimmering blue altar of Sif Muna.
  2717 | D:3      | Noticed Jessica
  2724 | D:3      | Killed Jessica
  2725 | D:3      | Reached XP level 5. HP: 26/34 MP: 5/5
  3256 | D:3      | Found a faded altar of an unknown god.
  3327 | D:3      | Reached *** piety under Trog
  3501 | D:4      | Found a staircase to the Ecumenical Temple.
  3560 | D:4      | Found an ornate altar of the Wu Jian Council.
  3561 | D:4      | Found a sparkling altar of Nemelex Xobeh.
  3636 | D:4      | HP: 2/51 [gnoll/+0 spear (3)]
  3636 | D:4      | Slain by a gnoll

Illustrated notes

Levels and vault maps discovered:
D:1:      minmay_arrival_four_loops, layout_basic, st_stairs_8
D:2:      layout_basic, minmay_rat_gold_closets
D:3:      cheibrodos_helix_gallery, layout_basic, amcnicky_altar_gilded,
          dreamdust_ecumenical_altar_statues, portal_sewer_entry_a,
          serial_forest, infiniplex_forest_straight_2,
          infiniplex_forest_lined_3_way, infiniplex_forest_straight_2,
          infiniplex_forest_end_2, infiniplex_forest_lined_ring,
          infiniplex_forest_lined_room_2, infiniplex_forest_clump_curved,
          hex_tiny, chequers_serial_rivers_small_a, minmay_crystal_water,
          mrwooster_statue_mirror, uniq_jessica
D:4:      layout_rooms, mainiacjoe_overflow_divided_tiny,
          chequers_temple_overflow_minitemple, minmay_temple_entry_wispy

Skill      XL: |  1  2  3  4  5 |
---------------+----------------+-----
Armour         | 3 |  3.7
Fighting       | 4 |  4.6
Dodging        | 2 |  2.1
Maces & Flails | 4 |  4.1

Action                   |  1- 3 |  4- 6 || total
-------------------------+-------+-------++-------
Melee: Mace              |   149 |    76 ||   225
       Punch             |     2 |     2 ||     4
       Flail             |       |    66 ||    66
Invok: Berserk           |     1 |     2 ||     3
       Trog's Hand       |       |     1 ||     1
  Use: Scroll            |     3 |       ||     3
Armor: Animal skin       |    70 |       ||    70
       Chain mail        |     8 |   153 ||   161
Dodge: Dodged            |   133 |    95 ||   228

Table legend: (Time is in decaauts)
 A = Elapsed time spent in this place.
 B = Non-inter-level travel time spent in this place.
 C = Inter-level travel time spent in this place.
 D = Time resting spent in this place.
 E = Time spent auto-exploring this place.
 F = Levels seen in this place.
 G = Mean time per level.
                   A        B        C        D        E       F      G
               +--------+--------+--------+--------+--------+-----+--------+
         Total |   3724 |   3683 |     41 |      0 |   2997 |   4 |  931.0 |
       Dungeon |   3724 |   3683 |     41 |      0 |   2997 |   4 |  931.0 |
               +--------+--------+--------+--------+--------+-----+--------+

Top non-repeatable levels by time:
     D:1: 1465 daAuts
     D:2: 1092 daAuts
     D:3: 1001 daAuts
     D:4: 164 daAuts
